 Dungeon Crawl Stone Soup version 0.28.0-49-g6dfe1f597d (webtiles) character file.

Game seed: 1674685996667151873

2718 greasedhog the Cruncher (level 9, -2/63 (64) HPs)
             Began as a Formicid Fighter on May 12, 2022.
             Slain by a killer bee (4 damage)
             ... on level 8 of the Dungeon.
             The game lasted 00:09:54 (7008 turns).

greasedhog the Cruncher (Formicid Fighter)          Turns: 7008, Time: 00:09:54

HP:   -2/63 (64)    AC: 10    Str: 25    XL:     9   Next: 98%
MP:   9/9           EV:  9    Int:  8    God:
Gold: 178           SH:  6    Dex: 10    Spells: 8/8 levels left

rFire   + . .      SeeInvis +   o - +2 trident (venom)
rCold   + . .      Faith    .   c - +0 buckler
rNeg    . . .      Spirit   .   e - +1 scale mail {rC+}
rPois   .          Reflect  .   (helmet unavailable)
rElec   .          Harm     .   (no cloak)
rCorr   .          Rampage  .   f - +1 Delatra's gloves {ID++}
Will    .....                   (no boots)
Stlth   ..........              (no amulet)
HPRegen 0.20/turn               k - ring of protection from fire
MPRegen 0.11/turn               (no ring)

@: lethally poisoned (-2 -> -7), lightly drained
A: permanent stasis, dig shafts and tunnels, antennae 3, four strong arms
a: Dig, Shaft Self


You were on level 8 of the Dungeon.
You visited 2 branches of the dungeon, and saw 9 of its levels.

You collected 322 gold pieces.
You spent 144 gold pieces at shops.

Inventory:

Hand Weapons
 a - a +0 quarterstaff
 o - a +2 trident of venom (weapon)
Armour
 c - a +0 buckler (worn)
 e - a +1 scale mail of cold resistance (worn)
 f - the +1 Delatra's gloves (worn) {ID++}
   (You found it on level 5 of the Dungeon)

   It heals its wearer when they drink unknown potions.
   It restores its wearer's MP when they read unknown scrolls.
Jewellery
 k - a ring of protection from fire (left hand)
 u - an amulet of the acrobat
Wands
 v - a wand of flame (18)
Scrolls
 j - a scroll of magic mapping
 l - a scroll of amnesia
 n - 2 scrolls of vulnerability {unknown}
 q - 5 scrolls of identify
 r - a scroll of enchant armour {unknown}
 s - a scroll of fog {unknown}
 t - 3 scrolls of teleportation {unknown}
 w - a scroll of enchant weapon {unknown}
Potions
 b - 3 potions of lignification
 d - 2 potions of might
 g - 2 potions of haste
 h - a potion of flight
 i - 3 potions of mutation {unknown}
 m - 2 potions of curing
 p - 2 potions of brilliance


   Skills:
 - Level 3.2 Fighting
 * Level 11.0 Staves
 - Level 3.2 Armour
 * Level 9.2 Shields


You had 8 spell levels left.
You didn't know any spells.
Your spell library contained the following spells:

 Spells                   Type           Power      Damage    Failure   Level
 Animate Skeleton         Necr           0%         N/A       75%         1
 Magic Dart               Conj           0%         1d3       75%         1
 Pain                     Necr           0%         1d4       75%         1
 Searing Ray              Conj           0%         2d4       87%         2
 Sublimation of Blood     Necr           0%         N/A       87%         2
 Wereblood                Tmut           0%         N/A       87%         2
 Vampiric Draining        Necr           0%         2d6       98%         3
 Fulminant Prism          Conj/Hex       0%         3d6       100%        4
 Summon Hydra             Summ           0%         N/A       100%        7


Dungeon Overview and Level Annotations

Branches:
Dungeon (8/15)             Temple (1/1) D:4
   Lair: D:8-11

Altars:
Cheibriados
Dithmenos
Elyvilon
Fedhas
Gozag
Makhleb
Nemelex Xobeh
Okawaru
Sif Muna
Trog
Uskayaw
Vehumet
Wu Jian
Xom
Yredelemnul
Zin
The Shining One

Shops:
D:3 [   D:5 [*!

Annotations:
D:7 2 transporters, Duvessa; RatsInWalls's ghost, novice HuCA


Innate Abilities, Weirdness & Mutations

You cannot be hasted, slowed, berserked, paralysed or teleported.
You can dig through walls and to a lower floor.
You have a pair of large antennae on your head. (SInv)
Your four strong arms can wield two-handed weapons with a shield.


Message History

The killer bee stings you but does no damage.
The killer bee barely misses you.
You barely miss the killer bee.
You feel sick. The killer bee stings you.
You are more poisoned.
The killer bee poisons you! The killer bee barely misses you.
You feel sick. You block the killer bee's attack.
You feel sick. The killer bee closely misses you.
You hear a shout!
There is a stone staircase leading down here.
You feel sick. The killer bee stings you.
* * * LOW HITPOINT WARNING * * *
The killer bee stings you but does no damage.
You climb downwards.
You feel sick.
There is a stone staircase leading up here.
You closely miss the killer bee.
You feel sick. The killer bee stings you.
* * * LOW HITPOINT WARNING * * *
You are more poisoned.
The killer bee poisons you!
The killer bee stings you but does no damage.
The killer bee stings you!
* * * LOW HITPOINT WARNING * * *
You feel better. The killer bee barely misses you. The killer bee stings you!
* * * LOW HITPOINT WARNING * * *
You are lethally poisoned!
The killer bee poisons you!
Okay, then.
You miss the killer bee.
* * * LOW HITPOINT WARNING * * *
You feel very sick.
The killer bee stings you but does no damage.
You block the killer bee's attack.
You miss the killer bee.
* * * LOW HITPOINT WARNING * * *
You feel sick.
The killer bee stings you but does no damage.
The killer bee misses you.
You miss the killer bee.
* * * LOW HITPOINT WARNING * * *
You feel sick. The killer bee stings you.
You die...

###
#@#
#y#
#.#
#.#
#.#
#.#
..#
{
###


You could see a killer bee.

Vanquished Creatures
  A two-headed ogre (D:7)
  2 water moccasins
  A black bear (D:6)
  A sky beast (D:5)
  2 orc warriors
  An ice beast (D:7)
  4 ogres
  2 bullfrogs
  A wyvern zombie (D:5)
  A wyvern skeleton (D:6)
  Dowan (D:7)
  A water moccasin skeleton (D:6)
  3 centaur zombies
  2 hounds (D:6)
  A centaur skeleton (D:7)
  A jelly (D:7)
  3 orc priests
  Jessica (D:2)
  2 iguanas (D:6)
  9 orc wizards
  A killer bee zombie (D:6)
  A hound skeleton (D:4)
  3 gnolls (D:5)
  2 adders
  A white imp (D:7)
  An adder skeleton (D:4)
  2 worms
  36 orcs
  5 ball pythons
  2 endoplasms
  3 giant cockroaches
  8 goblins
  4 hobgoblins
  2 jackals (D:3)
  5 bats
  6 frilled lizards
  3 kobolds
  A rat (D:1)
126 creatures vanquished.

Notes
Turn   | Place    | Note
-------+----------+-------------------------------------------
     0 | D:1      | greasedhog the Formicid Fighter began the quest for the
                  | Orb.
     0 | D:1      | Reached XP level 1. HP: 18/18 MP: 1/1
   105 | D:1      | Reached XP level 2. HP: 24/24 MP: 2/2
   621 | D:2      | Reached XP level 3. HP: 29/29 MP: 3/3
   908 | D:2      | Found a faded altar of an unknown god.
   910 | D:2      | Noticed Jessica
   922 | D:2      | Killed Jessica
   923 | D:2      | Reached skill level 3 in Staves
   923 | D:2      | Reached XP level 4. HP: 16/35 MP: 4/4
  1332 | D:2      | Reached skill level 5 in Shields
  1678 | D:3      | Reached XP level 5. HP: 33/41 MP: 5/5
  1974 | D:3      | Found a bloodstained altar of Trog.
  2144 | D:3      | Found Fyrunim's Antique Armour Emporium.
  2292 | D:4      | Reached skill level 4 in Staves
  2416 | D:4      | Found a staircase to the Ecumenical Temple.
  2440 | Temple   | Entered the Ecumenical Temple
  2576 | D:4      | Noticed an ogre
  2588 | D:4      | Killed an ogre
  2589 | D:4      | Reached skill level 5 in Staves
  2589 | D:4      | Reached XP level 6. HP: 47/47 MP: 6/6
  2941 | D:4      | Found a shimmering blue altar of Sif Muna.
  3077 | D:4      | Found a glowing silver altar of Zin.
  3139 | D:5      | Entered Level 5 of the Dungeon
  3189 | D:5      | Noticed a sky beast
  3197 | D:5      | Killed a sky beast
  3198 | D:5      | Reached skill level 6 in Staves
  3198 | D:5      | Reached XP level 7. HP: 52/52 MP: 7/7
  3213 | D:5      | Found Tegumnuc's Assorted Antiques.
  3247 | D:5      | Bought 3 scrolls of identify for 144 gold pieces
  3486 | D:5      | Found a shimmering altar of Xom.
  3605 | D:5      | Noticed a water moccasin
  3615 | D:5      | Killed a water moccasin
  3956 | D:5      | Found Azeme's Armour Emporium.
  3974 | D:5      | Reached skill level 7 in Staves
  4021 | D:5      | Reached XP level 8. HP: 19/58 MP: 8/8
  4257 | D:5      | Found the +1 Delatra's gloves {ID++}
  4325 | D:5      | Found Lodd's Distillery.
  4502 | D:6      | Reached skill level 8 in Staves
  4996 | D:6      | Reached skill level 9 in Staves
  5344 | D:6      | Reached XP level 9. HP: 62/64 MP: 9/9
  5679 | D:7      | Noticed a two-headed ogre
  5696 | D:7      | Killed a two-headed ogre
  5697 | D:7      | Reached skill level 10 in Staves
  6019 | D:7      | Found a shadowy altar of Dithmenos.
  6514 | D:7      | Found a transporter.
  6524 | D:7      | Noticed a kobold demonologist
  6525 | D:7      | Noticed a boulder beetle
  6534 | D:7      | Noticed a white ugly thing
  6538 | D:7      | Found a transporter.
  6544 | D:7      | Noticed RatsInWalls's ghost (novice HuCA)
  6553 | D:7      | Noticed a two-headed ogre
  6558 | D:7      | Noticed a boulder beetle
  6831 | D:7      | Found a burning altar of Makhleb.
  6857 | D:7      | Reached skill level 11 in Staves
  6888 | D:7      | Found an opulent altar of Gozag.
  6985 | D:7      | Noticed Duvessa
  6985 | D:7      | Noticed Dowan
  6996 | D:7      | Killed Dowan
  7007 | D:8      | HP: 3/63 [poisoned by a killer bee]
  7008 | D:8      | Slain by a killer bee

Illustrated notes

Levels and vault maps discovered:
D:1:      ncdulo_smallfort, layout_rooms
D:2:      layout_loops_ring, ebering_ecumenical_altar_sacrificial, uniq_jessica
D:3:      layout_basic, trog_book, serial_shops, nicolae_lakefront_shop
D:4:      layout_basic, mainiacjoe_overflow_surrounded_room, zin_academy,
          minmay_temple_entry_large_hall
D:5:      layout_cave_pools, mainiacjoe_overflow_small_starburst, serial_shops,
          shop, kennysheep_mini, nicolae_stop_n_shop_2, nicolae_sextant,
          pf_guarded_unrand_delatra
D:6:      layout_basic
D:7:      layout_cave_pods, lemuel_round_altar, amcnicky_altar_gilded,
          lemuel_coloured_pillars_altar, mainiacjoe_overflow_alcove_1,
          nzn_ghost_randoct, kennysheep_diamond, uniq_duvessa
D:8:      minmay_the_grid_square_5x5_3x3
          [minmay_the_grid_square_5x5_two_walls_a,
          minmay_the_grid_square_5x5_corner, minmay_the_grid_square_5x5_inner_i,
          minmay_the_grid_square_5x5_checkered_sparse,
          minmay_the_grid_square_5x5_megaprize_open,
          minmay_the_grid_square_5x5_lines, minmay_the_grid_square_5x5_longway,
          minmay_the_grid_square_5x5_slash, minmay_the_grid_square_5x5_comb],
          layout_basic, old_standard_altar, kiku_gazebo_garden_becter,
          kennysheep_windowed_goal, uniq_psyche
Temple:   eino_temple_lava

Skill      XL: |  1  2  3  4  5  6  7  8  9 |
---------------+----------------------------+-----
Shields        | 4 5 6 7 9 |  9.2
Staves         | 3 5 6 7 9 11 | 11.0
Fighting       | |  3.2
Armour         | |  3.2

Action                   |  1- 3 |  4- 6 |  7- 9 || total
-------------------------+-------+-------+-------++-------
Melee: Quarterstaff      |    52 |   121 |       ||   173
       Trident           |       |     6 |   263 ||   269
  Use: Scroll            |       |     6 |     4 ||    10
       Potion            |       |       |     1 ||     1
Armor: Scale mail        |    14 |    43 |   109 ||   166
Dodge: Dodged            |    25 |    37 |   113 ||   175
Block: Buckler           |    15 |    40 |    66 ||   121
